AoeStats
← [WKT] Conqu33ftador

Oasis

507787315Analyzed
3v3 RM · 12d ago on Sep 19, 2026· 49m 7s· 6 players
Game mode
Random Map
Map size
Normal (6 player)
Population
200
Speed
Normal
Resources
Standard
Victory
Conquest
Starting age
Dark Age
Ending age
Imperial Age
RankedLock teamsTeams togetherTeam positionsShared explorationLock speedFull tech treeHidden civsTurbo modeCheats
Victory
Defeat
🇺🇸 Hindustanis · United States
1158
+15
🇫🇷 Lithuanians · France
1158
+15
🇩🇪 Ethiopians · Germany
1126
+16
🇨🇱 Poles · Chile
1166
-17
🇨🇱 Khmer · Chile
1116
-15
🇨🇱 Sicilians · Chile
1100
-14
| SNV | Manolowo
7:28 Loom
11:10 Feudal Age
11:47 Feudal Age
13:19 Double-Bit Axe
13:16 Horse Collar
18:21 Castle Age
17:16 Town Watch
18:30 Gold Mining
21:25 Elite Skirmisher
22:06 Fletching
24:55 Padded Archer Armor
25:34 Pikeman
27:35 Ballistics
27:52 Scale Mail Armor
27:50 Bodkin Arrow
28:45 Leather Archer Armor
28:42 Heavy Plow
30:06 Wheelbarrow
30:49 Forging
30:41 Arson
37:45 Imperial Age
35:51 Scale Barding Armor
36:25 Iron Casting
36:13 Bow Saw
36:54 Stone Mining
37:42 Gold Shaft Mining
37:31 Hand Cart
37:55 Chain Barding Armor
38:37 Stone Shaft Mining
39:32 Chemistry
38:14 Halberdier
39:03 Bracer
39:57 Chain Mail Armor
40:13 Ring Archer Armor
39:59 Masonry
44:43 Elite Ballista Elephant
46:00 Plate Barding Armor
46:26 Blast Furnace
46:48 Double Crossbow
| SNV | AoEBengi
3:08 Loom
12:03 Feudal Age
23:43 Town Watch
26:20 Castle Age
25:51 Fletching
26:02 Padded Archer Armor
27:16 Thumb Ring
26:31 Crossbowman
27:18 Bodkin Arrow
27:29 Crossbowman
32:17 Leather Archer Armor
38:48 Gold Mining
42:34 Imperial Age
42:48 Ballistics
45:05 Chemistry
46:38 Bracer
46:10 Elite Skirmisher
| SNV | El rey Cris
1:11 Loom
1:52 Loom
14:55 Feudal Age
15:30 Horse Collar
19:42 Double-Bit Axe
22:12 Forging
22:31 Scale Mail Armor
23:00 Fletching
29:25 Castle Age
28:38 Stone Mining
30:41 Pikeman
32:04 Town Watch
32:52 Bow Saw
33:00 Heavy Plow
38:18 Imperial Age
36:22 Squires
36:12 Arson
37:02 Gold Mining
38:09 Ballistics
39:16 Halberdier
40:36 Iron Casting
41:05 Crop Rotation
40:44 Gambesons
41:38 Stone Shaft Mining
42:00 Chain Mail Armor
42:45 Blast Furnace
41:49 Capped Ram
44:25 Elite Serjeant
46:30 Plate Mail Armor
47:21 Gold Shaft Mining
[WKT] Conqu33ftador
7:28 Loom
10:13 Feudal Age
13:06 Double-Bit Axe
13:56 Fletching
25:39 Castle Age
24:37 Gold Mining
25:50 Crossbowman
26:36 Thumb Ring
26:53 Bodkin Arrow
27:28 Padded Archer Armor
28:48 Bow Saw
32:03 Leather Archer Armor
35:18 Ballistics
34:44 Horse Collar
41:35 Imperial Age
39:57 Wheelbarrow
39:09 Town Watch
40:35 Elite Skirmisher
41:00 Elite Skirmisher
43:49 Chemistry
42:56 Siege Engineers
43:36 Bracer
43:14 Arbalester
45:57 Onager
47:43 Caravan
[WKT] Pastisor
6:49 Loom
9:28 Feudal Age
10:46 Horse Collar
10:55 Double-Bit Axe
10:53 Horse Collar
14:27 Forging
19:00 Wheelbarrow
22:37 Castle Age
21:34 Scale Barding Armor
23:32 Bloodlines
24:44 Chain Barding Armor
25:00 Iron Casting
24:27 Husbandry
26:12 Bloodlines
26:09 Town Watch
37:28 Imperial Age
35:14 Hand Cart
34:56 Light Cavalry
39:24 Plate Barding Armor
39:50 Blast Furnace
41:39 Siege Engineers
42:52 Chemistry
42:19 Hussar
44:36 Bow Saw
44:27 Heavy Plow
44:18 Gold Mining
44:19 Stone Mining
45:01 Caravan
45:32 Coinage
47:54 Heavy Camel Rider
48:27 Fletching
[WKT] Olam
6:08 Loom
8:29 Feudal Age
10:23 Horse Collar
10:33 Double-Bit Axe
15:46 Bloodlines
22:56 Castle Age
26:27 Light Cavalry
27:08 Husbandry
30:42 Bow Saw
30:32 Heavy Plow
31:10 Wheelbarrow
33:46 Imperial Age
31:58 Scale Barding Armor
32:04 Forging
33:01 Stone Mining
33:01 Gold Mining
33:27 Hand Cart
32:58 Town Watch
34:25 Iron Casting
34:37 Chain Barding Armor
34:04 Cavalier
35:15 Padded Archer Armor
36:46 Two-Man Saw
36:26 Crop Rotation
36:36 Paladin
37:46 Elite Skirmisher
38:28 Padded Archer Armor
38:57 Fletching
40:43 Leather Archer Armor
41:31 Chemistry
40:51 Ballistics
40:30 Bodkin Arrow
41:59 Bracer
43:59 Plate Barding Armor
44:31 Town Patrol
48:59 Ring Archer Armor
Connection lost

Rejoining the realm…

Still unreachable

The connection could not be restored.

Session expired

The server has moved on; the page needs a fresh start.